 Dungeon Crawl Stone Soup version 0.24.1 (webtiles) character file.

Game seed: 16151039981940670826, levelgen mode: deterministic

3386 Destapler the Ruffian (level 9, -13/89 HPs)
             Began as a Troll Hunter on Mar 28, 2020.
             Was a Priest of Nemelex Xobeh.
             Mangled by Psyche
             ... wielding a +2 dagger of distortion
              (18 damage)
             ... on level 8 of the Dungeon.
             The game lasted 00:18:28 (5278 turns).

Destapler the Ruffian (Troll Hunter)                Turns: 5278, Time: 00:18:28

Health: -13/89     AC: 10    Str: 22    XL:     9   Next: 74%
Magic:  11/11      EV: 12    Int:  7    God:    Nemelex Xobeh [***...]
Gold:   309        SH:  0    Dex: 13    Spells: 8/8 levels left

rFire    . . .     SeeInvis .     - Unarmed
rCold    . . .     Gourm    +   (no shield)
rNeg     . . .     Faith    .   b - +0 robe
rPois    .         Spirit   .   (helmet restricted)
rElec    .         Reflect  .   G - +0 cloak
rCorr    .         Harm     .   (gloves unavailable)
MR       .....                  (boots unavailable)
Stlth    +.........             F - amulet of magic regeneration
HPRegen  0.64/turn              s - +3 ring of protection
MPRegen  0.37/turn              (no ring)

@: no status effects
A: large, unfitting armour, claws 3, fast metabolism 3, gourmand, regeneration
1, shaggy fur 1, tough skin 3
a: Draw Escape, Draw Destruction, Draw Summoning, Triple Draw, Renounce Religion


You were on level 8 of the Dungeon.
You worshipped Nemelex Xobeh.
Nemelex Xobeh was most pleased with you.
You were very full.

You visited 1 branch of the dungeon, and saw 8 of its levels.
You also visited: Ossuary.

You collected 309 gold pieces.

Inventory:

Hand Weapons
 a - a +2 whip of electrocution
 D - the +1 hand axe "Lutiwep" {chop, rN+, unknown}
   (You found it on level 6 of the Dungeon)

   It inflicts extra damage upon your enemies.
   It protects you from negative energy.
Missiles
 d - a throwing net (quivered)
 e - 5 large rocks
 p - 13 javelins
 q - 13 poisoned darts
 r - 260 stones
 B - 2 curare-tipped darts
Armour
 b - a +0 robe (worn)
 G - a +0 cloak (worn)
Jewellery
 s - a +3 ring of protection (left claw)
 F - an amulet of magic regeneration (around neck)
Wands
 i - a wand of flame (14)
 t - a wand of clouds (4)
 u - a wand of paralysis (13)
 C - a wand of acid (6)
Scrolls
 c - a scroll of summoning {unknown}
 g - a scroll of remove curse
 j - a scroll of fog
 k - 3 scrolls of magic mapping
 m - 3 scrolls of fear
 n - 2 scrolls of identify
 v - a scroll of amnesia
 y - 4 scrolls of enchant weapon
 E - a scroll of blinking
Potions
 h - 2 potions of ambrosia
 l - a potion of berserk rage
 o - 4 potions of agility
 w - a potion of heal wounds {unknown}
 x - a potion of invisibility {unknown}
 z - a potion of resistance {unknown}
 A - a potion of cancellation {unknown}
 H - 2 potions of curing {unknown}
 I - a potion of degeneration {unknown}
Comestibles
 f - 14 rations
 J - 6 chunks of flesh


   Skills:
 + Level 5.7 Fighting
 * Level 4.8 Maces & Flails
 - Level 3.6 Throwing
 + Level 5.7 Dodging
 - Level 0.3 Stealth
 + Level 6.4 Unarmed Combat
 - Level 5.0 Invocations


You had 8 spell levels left.
You didn't know any spells.
Your spell library was empty.

Dungeon Overview and Level Annotations

Branches:
Dungeon (8/15)             Temple (0/1) D:7         Ossuary (visited)
   Lair: D:8-11

Altars:
Hepliaklqana
Nemelex Xobeh
Trog
Wu Jian
Zin

Annotations:
D:4 1 runed translucent door, hitsuchi's ghost, amateur VSEn
D:8 Psyche


Innate Abilities, Weirdness & Mutations

You are too large for most types of armour.
You have claws for hands.
Your metabolism is lightning-fast.
You like to eat raw meat.
Your natural rate of healing is unusually fast.
You are covered in fur. (AC +1)
You have extremely tough skin. (AC +3)


Message History

Psyche hits you but does no damage. Space warps horribly around you!
* * * LOW HITPOINT WARNING * * *
You closely miss Psyche.
Psyche is severely wounded.
Psyche hits you but does no damage. Space warps horribly around you!
* * * LOW HITPOINT WARNING * * *
The giant cockroach misses you.
Psyche miscasts a cantrip.
You scratch Psyche.
Psyche is almost dead.
Psyche hits you with a +2 dagger of distortion.
* * * LOW HITPOINT WARNING * * *
Space bends around you.
* * * LOW HITPOINT WARNING * * *
The giant cockroach barely misses you.
Psyche hits you with a +2 dagger of distortion.
* * * LOW HITPOINT WARNING * * *
Space warps horribly around you!!
You die...
Your body disappears without a glow.

##### ###...# .##.....#
........### ..........#
..........## ......
....##@...# #
##....####.Kc@s...# #
#.......##..ZKa........ #
#......##..K......#... #
#.................# ## #
##...................
###........).........#..
..#......(((.............
......#..(.(.......#.....


You could see Psyche, a big kobold, a centaur, a worker ant, a worker ant
zombie, a giant cockroach and 2 kobolds.

Vanquished Creatures
  Pikel (D:5)
  Grinder (D:6)
  An orc warrior (D:7)
  4 slaves (D:5)
  An ice beast (D:6)
  A sky beast (D:6)
  5 ogres
  2 centaurs
  A big kobold (D:7)
  3 bullfrogs
  3 water moccasin zombies (Ossuary)
  A wyvern zombie (D:6)
  3 scorpions
  8 killer bees (D:7)
  A howler monkey (D:6)
  A quasit (D:7)
  A gnoll shaman (D:7)
  2 orc priests (D:7)
  4 hounds
  Crazy Yiuf (D:6)
  3 iguanas
  A jelly (D:7)
  Jessica (D:3)
  2 orc wizards (D:6)
  4 worker ants
  2 big kobold zombies (Ossuary)
  2 mummies (Ossuary)
  6 gnolls
  6 adders
  A shadow imp (D:6)
  An ooze (D:2)
  7 adder zombies
  3 adder skeletons
  2 dart slugs
  5 leopard geckos
  13 orcs
  10 bats
  6 giant cockroaches
  5 gnoll zombies (Ossuary)
  10 hobgoblins
  2 ball pythons
  4 frilled lizards
  8 goblins
  2 hobgoblin zombies (Ossuary)
  A jackal zombie (D:7)
  13 kobolds
  4 kobold zombies (Ossuary)
  A leopard gecko zombie (D:5)
  7 orc zombies (Ossuary)
  10 rats
187 creatures vanquished.

Vanquished Creatures (collateral kills)
  An orc (D:6)
1 creature vanquished.

Grand Total: 188 creatures vanquished

Notes
Turn   | Place    | Note
-------+----------+-------------------------------------------
     0 | D:1      | Destapler the Troll Hunter began the quest for the Orb.
     0 | D:1      | Reached XP level 1. HP: 19/19 MP: 0/0
   240 | D:1      | Reached XP level 2. HP: 21/28 MP: 1/1
   351 | D:1      | Reached skill level 1 in Unarmed Combat
   645 | D:2      | Reached XP level 3. HP: 30/35 MP: 2/2
   868 | D:2      | Found a glowing silver altar of Zin.
   869 | D:2      | Noticed an angel
  1216 | D:2      | Reached skill level 2 in Unarmed Combat
  1216 | D:2      | Reached XP level 4. HP: 44/44 MP: 3/3
  1247 | D:2      | Found a sparkling altar of Nemelex Xobeh.
  1252 | D:2      | Became a worshipper of Nemelex Xobeh the Trickster
  1476 | D:3      | Received a gift from Nemelex Xobeh
  1482 | D:3      | Found a bloodstained altar of Trog.
  1603 | D:3      | Noticed Jessica
  1610 | D:3      | Killed Jessica
  2120 | D:4      | Reached skill level 1 in Invocations
  2120 | D:4      | Reached XP level 5. HP: 32/50 MP: 4/4
  2190 | D:4      | Found a runed translucent door.
  2191 | D:4      | Noticed hitsuchi's ghost (amateur VSEn)
  2219 | D:4      | Found a sand-covered staircase.
  2228 | Ossuary  | Entered an ossuary
  2283 | Ossuary  | Reached XP level 6. HP: 54/61 MP: 6/6
  2296 | Ossuary  | Reached skill level 3 in Unarmed Combat
  2530 | D:4      | Reached XP level 7. HP: 53/67 MP: 7/7
  2602 | D:4      | Reached * piety under Nemelex Xobeh
  2632 | D:4      | Found a bloodstained altar of Trog.
  2757 | D:5      | Entered Level 5 of the Dungeon
  2843 | D:5      | Received a gift from Nemelex Xobeh
  2895 | D:5      | Reached skill level 4 in Unarmed Combat
  2975 | D:5      | Reached XP level 8. HP: 37/78 MP: 9/9
  3111 | D:5      | Noticed Pikel
  3127 | D:5      | Killed Pikel
  3127 | D:5      | Reached skill level 5 in Unarmed Combat
  3448 | D:6      | Reached skill level 1 in Maces & Flails
  3491 | D:6      | Got an ancient hand axe
  3523 | D:6      | Noticed Grinder
  3524 | D:6      | Reached skill level 5 in Fighting
  3525 | D:6      | Reached ** piety under Nemelex Xobeh
  3533 | D:6      | Killed Grinder
  3533 | D:6      | Reached skill level 5 in Dodging
  3533 | D:6      | Reached XP level 9. HP: 34/88 MP: 11/11
  3799 | D:6      | Received a gift from Nemelex Xobeh
  4068 | D:6      | Found a runed translucent door.
  4069 | D:6      | Noticed Crazy Yiuf
  4076 | D:6      | Killed Crazy Yiuf
  4225 | D:7      | Found a hazy altar of Hepliaklqana.
  4306 | D:7      | Found an ornate altar of the Wu Jian Council.
  4312 | D:7      | Reached skill level 5 in Invocations
  4503 | D:7      | Reached skill level 6 in Unarmed Combat
  5037 | D:7      | Found a staircase to the Ecumenical Temple.
  5238 | D:8      | Reached *** piety under Nemelex Xobeh
  5263 | D:8      | Noticed Psyche
  5278 | D:8      | Mangled by Psyche

Levels and vault maps discovered:
D:1:      lightli_arrival_chessboard, layout_loops_ring
D:2:      layout_basic, zin_angel, nemelex_spade_bored_becter
D:3:      layout_loops_cross, first_ration, trog_butcher_becter, uniq_jessica
D:4:      layout_basic, bloody_trog, gammafunk_ghost_grave,
          chequers_ossuary_entry_cave
D:5:      layout_cave_pools, uniq_pikel
D:6:      layout_rooms, uniq_crazy_yiuf_cottage, uniq_grinder
D:7:      layout_basic, nicolae_overflow_crystal_walls, lemuel_doored_altar,
          minmay_temple_entry_antechambers, eino_jars
D:8:      layout_cave_pools, marbit_many_paths, minitemple, serial_shops,
          shop_statue, grunt_pizzeria, wad_rectangle_vault, uniq_psyche

Skill      XL: |  1  2  3  4  5  6  7  8  9 |
---------------+----------------------------+-----
Unarmed Combat | 1 2 3 4 5 6 |  6.4
Fighting       | 2 3 4 5 |  5.7
Dodging        | 2 3 4 5 |  5.7
Invocations    | 1 2 3 4 5 |  5.0
Maces & Flails | 2 4 |  4.8
Throwing       | |  3.6
Stealth        | |  0.3

Action                   |  1- 3 |  4- 6 |  7- 9 || total
-------------------------+-------+-------+-------++-------
Melee: Unarmed           |   130 |   204 |   372 ||   706
       Punch             |       |     4 |    10 ||    14
Throw: Large rock        |       |       |     5 ||     5
       Javelin           |       |       |     4 ||     4
       Dart              |       |       |     4 ||     4
       Throwing net      |       |       |     2 ||     2
 Abil: Draw Destruction  |       |     2 |     1 ||     3
       Draw Escape       |       |       |     1 ||     1
       Draw Summoning    |       |       |     1 ||     1
  Use: Scroll            |       |     6 |     7 ||    13
       Potion            |       |       |     5 ||     5
 Stab: Sleeping          |     2 |     1 |       ||     3
       Distracted        |       |       |     2 ||     2
  Eat: Chunk             |    17 |    11 |    26 ||    54
Armor: Robe              |    93 |    63 |   199 ||   355
       Skin              |       |       |    40 ||    40
Dodge: Dodged            |    75 |    88 |   322 ||   485
